 Dungeon Crawl Stone Soup version 0.16.1-30-g34a7ffa (webtiles) character file.

85 Alarkh the Magician (level 4, 30/30 HPs)
             Began as a Mummy Wizard on June 14, 2015.
             Safely got out of the dungeon.
             The game lasted 00:04:29 (2784 turns).

Alarkh the Magician (Mummy Wizard)                  Turns: 2784, Time: 00:04:29

Health: 30/30      AC:  2    Str: 10    XL:     4   Next: 25%
Magic:  11/11      EV: 12    Int: 18    God:
Gold:   172        SH:  0    Dex: 10    Spells: 2 memorised, 8 levels left

rFire  x . .     SeeInvis .     m - +0 mace
rCold  + . .     Clarity  .     a - +0 robe
rNeg   + + +     SustAb   .     (no shield)
rPois  ∞         Gourm    .     b - +0 hat
rElec  .         Spirit   .     (no cloak)
rCorr  .         Warding  .     (no gloves)
rMut   .         Stasis   .     (no boots)
MR     .....                    (no amulet)
Stlth  ++........               (no ring)
                                d - ring of teleport control

@: not resistant to hostile enchantments, unstealthy
A: no food or potions, fire vulnerability, restore body, cold resistance 1,
negative energy resistance 3, poison resistance, torment resistance, unbreathing
a: Evoke Teleport Control


You escaped.
You were not hungry.

You visited 1 branch of the dungeon, and saw 3 of its levels.

You collected 172 gold pieces.

Inventory:

Hand weapons
 f - a +0 short sword
 m - a +0 mace (weapon)
Missiles
 e - 26 poisoned needles
Armour
 a - a +0 robe (worn)
 b - a +0 hat (worn)
Jewellery
 d - a ring of teleport control (left hand)
Scrolls
 g - 2 scrolls of remove curse
 h - a scroll of amnesia {unknown}
 i - a scroll of random uselessness
 k - a scroll of magic mapping {unknown}
 l - a scroll of enchant armour {unknown}
Books
 c - a book of Minor Magic

   Spells                             Type                      Level
   a - Magic Dart                     Conjuration                  1
   b - Blink                          Translocation                2
   c - Call Imp                       Summoning                    2
   d - Repel Missiles                 Charms/Air                   2
   e - Slow                           Hexes                        2
   f - Conjure Flame                  Conjuration/Fire             3
   g - Mephitic Cloud                 Conjuration/Poison/Air       3


   Skills:
 + Level 0.2 Fighting
 + Level 0.2 Short Blades
 + Level 1.9 Dodging
 + Level 1.9 Stealth
 + Level 4.0 Spellcasting
 + Level 1.6 Conjurations
   Level 0.7 Summonings
 + Level 0.7 Translocations


You had 8 spell levels left.
You knew the following spells:

 Your Spells              Type           Power        Failure   Level  Hunger
a - Magic Dart            Conj           #...         10%         1    N/A
b - Blink                 Tloc           N/A          17%         2    N/A

Dungeon Overview and Level Annotations

Branches:
Dungeon (3/15)

Altars:


Innate Abilities, Weirdness & Mutations

You do not eat or drink.
Your flesh is vulnerable to fire.
Your flesh is cold resistant.
You are immune to negative energy.
Your system is resistant to poisons.
You are immune to unholy pain and torment.
You can survive without breathing.


Message History

Where to? (Enter - D:3, ? - help)
What level of the Dungeon? (default 1, ? - help)
Things that are here:
a short sword; a kobold corpse
There is an escape hatch in the ceiling here.
You see here 24 stones.
There is a stone staircase leading up here.
You climb upwards.
There is a stone staircase leading down here.
You see here a bread ration.
There is an open door here.
You see here a club.
You see here a club.
There is a stone staircase leading up here.
You climb upwards.
There is a stone staircase leading down here.
Magic restored.
There is a staircase leading out of the dungeon here.
Are you sure you want to leave the Dungeon?
This will make you lose the game!
You have escaped!

###.##.#.....#.#..#....# #%#
#...##.#.....#.#..###### #.#
#.####.#.......#..##########)#
..##...#...#.#...............#
####)#.....#.##..#############
####(#.#.#.#.#.....##
##.#.#.....#........#
##.(.###......P...P.## ##.###
#####....@....#
##.#########..P..%P%##
##.....[...#........#
##.................##
##.........#########
...........########
##................#
#...............(#
#................#


There were no monsters in sight!

Vanquished Creatures
  An adder (D:3)
  A gnoll (D:1)
  A worm (D:2)
  A ball python (D:1)
  A giant cockroach (D:2)
  8 goblins
  11 hobgoblins
  5 jackals (D:2)
  8 bats
  2 giant geckos
  A giant newt (D:1)
  10 kobolds
  4 rats
54 creatures vanquished.

Notes
Turn   | Place    | Note
--------------------------------------------------------------
     0 | D:1      | Alarkh, the Mummy Wizard, began the quest for the Orb.
     0 | D:1      | Reached XP level 1. HP: 13/13 MP: 4/4
   476 | D:2      | Reached XP level 2. HP: 13/19 MP: 1/6
   687 | D:2      | Reached skill level 1 in Conjurations
   747 | D:2      | Learned a level 2 spell: Blink
  1010 | D:2      | Reached XP level 3. HP: 20/24 MP: 2/8
  1408 | D:1      | HP: 1/24 [ball python (1)]
  2490 | D:2      | Reached XP level 4. HP: 21/30 MP: 7/10
  2592 | D:2      | Reached skill level 4 in Spellcasting
  2784 | D:$      | Safely got out of the dungeon.

Action                   |  1- 3 |  4- 6 || total
-------------------------+-------+-------++-------
Melee: Unarmed           |     4 |       ||     4
       Short sword       |    28 |       ||    28
       Mace              |    18 |     4 ||    22
 Cast: Magic Dart        |   124 |    27 ||   151
  Use: Scroll            |     4 |       ||     4
